 Dungeon Crawl Stone Soup version 0.25-a0-571-gb5e01bddfa (webtiles) character file.

Game seed: 4635156659357425038, levelgen mode: deterministic

1961 Kohma the Grappler (level 9, -4/75 (79) HPs)
             Began as a Ghoul Monk on Feb 29, 2020.
             Was a Priest of Makhleb.
             Slain by an orc wizard
             ... wielding a +0 dagger of electrocution
              (10 damage)
             ... on level 6 of the Dungeon.
             The game lasted 00:18:30 (5229 turns).

Kohma the Grappler (Ghoul Monk)                     Turns: 5229, Time: 00:18:30

HP:   -4/75 (79)    AC: 13    Str: 18    XL:     9   Next: 19%
MP:   10/10         EV:  8    Int:  5    God:    Makhleb [***...]
Gold: 233           SH:  0    Dex: 11    Spells: 8/8 levels left

rFire    . . .     SeeInvis +     - Unarmed
rCold    + . .     Gourm    .   (no shield)
rNeg     + + +     Faith    .   A - +2 chain mail {rPois}
rPois    ∞         Spirit   .   (no helmet)
rElec    .         Reflect  .   w - +0 cloak
rCorr    .         Harm     .   s - +0 pair of gloves
MR       .....                  (no boots)
Stlth    ..........             (no amulet)
HPRegen  0.00/turn              C - ring of see invisible
MPRegen  0.12/turn              o - ring of flight

@: rotting, slowed, very slow
A: rotting body, claws 1, carnivore, cold resistance 1, negative energy
resistance 3, inhibited regeneration, torment resistance, unbreathing
a: Minor Destruction, Lesser Servant of Makhleb, Renounce Religion, Evoke Flight


You were on level 6 of the Dungeon.
You worshipped Makhleb.
Makhleb was most pleased with you.
You were not hungry.

You visited 2 branches of the dungeon, and saw 7 of its levels.
You also visited: Ossuary.

You collected 233 gold pieces.

Inventory:

Missiles
 k - 17 poisoned darts (quivered)
Armour
 i - +0 acid dragon scales
 s - a +0 pair of gloves (worn)
 w - a +0 cloak (worn)
 A - a +2 chain mail of poison resistance (worn)
Jewellery
 f - an uncursed ring of fire
 o - a ring of flight (right hand)
 C - a ring of see invisible (left hand)
Wands
 c - a wand of acid (3)
 t - a wand of random effects (17)
 y - a wand of clouds (7)
 D - a wand of paralysis (6)
 E - a wand of scattershot (5)
Scrolls
 d - 4 scrolls of remove curse
 g - a scroll of blinking {unknown}
 h - a scroll of fog {unknown}
 l - a scroll of immolation {unknown}
 n - a scroll of magic mapping
 p - a scroll of identify
 B - a scroll of teleportation
Potions
 a - 6 potions of curing
 e - a potion of stabbing {unknown}
 j - 2 potions of mutation {unknown}
 m - 3 potions of ambrosia
 q - a potion of flight
 r - 3 potions of brilliance
 u - a potion of haste {unknown}
 v - 4 potions of heal wounds
 x - a potion of cancellation {unknown}
 z - a potion of magic {unknown}
 F - a potion of might {unknown}
Comestibles
 b - 5 rations


   Skills:
 + Level 7.1 Fighting
 + Level 2.8 Armour
 - Level 2.6 Dodging
 - Level 5.0 Stealth
 * Level 9.5 Unarmed Combat
 + Level 3.3 Invocations


You had 8 spell levels left.
You didn't know any spells.
Your spell library was empty.

Dungeon Overview and Level Annotations

Branches:
Dungeon (6/15)             Temple (1/1) D:5         Ossuary (visited)

Altars:
Ashenzari
Dithmenos
Elyvilon
Fedhas
Gozag
Makhleb
Nemelex Xobeh
Qazlal
Ru
Sif Muna
Trog
Uskayaw
Vehumet
Wu Jian
Xom
Yredelemnul
Zin
The Shining One


Innate Abilities, Weirdness & Mutations

Your body is rotting away.
You thrive on raw meat.
You are immune to poison.
You have sharp fingernails.
You are carnivorous and can eat meat at any time.
Your flesh is cold resistant. (rC+)
You are immune to negative energy. (rN+++)
You do not regenerate when monsters are visible.
You are immune to unholy pain and torment.
You can survive without breathing.


Message History

The orc wizard points at you and mumbles some strange words.
The magic dart hits you.
* * * LOW HITPOINT WARNING * * *
The orc warrior hits you with a +0 long sword.
* * * LOW HITPOINT WARNING * * *
You closely miss the orc warrior.
The orc warrior is severely wounded.
The orc wizard casts a spell.
The orc wizard blinks!
The orc wizard gestures at you while chanting.
The magic dart hits you!
* * * LOW HITPOINT WARNING * * *
The orc warrior hits you with a +0 long sword.
* * * LOW HITPOINT WARNING * * *
The orc wizard gestures at you while chanting.
You easily resist.
The orc warrior barely misses you.
The orc wizard hits you but does no damage.
You are electrocuted!
You die...

.................#...#*,*,,,,,,,,
.....####........+...#*,,,,,,,**,
.....# *........#...#*,,****,**,
.....# *........#...##>,****,**,
.....####******#).......,,,,,,**,
........########(.......,,******,
........#.....##o.......,,,,,,,*,
.#......#.....##........*,,***,*,
...###.##.....##@o.....#*,,,**,*,
...# #.##......'.......#**,,**,,,
..>**#......####........,,,,*****
.#.,,#####........###.#.***,,,,*
.,,,,,,,*#..#.....#**.#,* ****,**
,*,,,**,*#..####...,,,.,* *,,,,,
,+,,,,,,*#..#*,.....,,*** *,***,
**,,,*,,*#..#,,......,,*****,***,
,,,,,+,,*#..#,,,.#....,,,**,,,***


You could see an orc warrior and an orc wizard.

Vanquished Creatures
  Grinder (D:3)
  Eustachio (D:4)
  Duvessa (D:4)
  2 ogres (D:4)
  An elf zombie (D:6)
  Dowan (D:4)
  An elf skeleton (D:6)
  5 centaur zombies
  3 crimson imps
  A hound (D:5)
  A human zombie (D:6)
  5 orc wizards
  2 orc priests
  Crazy Yiuf (D:4)
  2 human skeletons (D:6)
  Ijyb (D:3)
  6 worker ants
  A killer bee zombie (D:5)
  A big kobold zombie (Ossuary)
  A hound skeleton (D:4)
  3 mummies (Ossuary)
  9 adders
  3 gnolls (D:5)
  An adder zombie (D:6)
  A worm (D:5)
  A dart slug (D:1)
  4 leopard geckos
  23 orcs
  A ball python (D:3)
  7 bats
  3 giant cockroaches
  6 goblins
  7 hobgoblins
  16 jackals
  6 kobolds
  2 quokkas
  11 frilled lizards
  A hobgoblin zombie (Ossuary)
  An orc zombie (D:6)
  A quokka skeleton (D:5)
  7 rats
  2 fungi (D:4)
154 creatures vanquished.

Vanquished Creatures (collateral kills)
  A centaur zombie (Ossuary)
  3 big kobold zombies (Ossuary)
  2 mummies (Ossuary)
6 creatures vanquished.

Grand Total: 160 creatures vanquished

Notes
Turn   | Place    | Note
-------+----------+-------------------------------------------
     0 | D:1      | Kohma the Ghoul Monk began the quest for the Orb.
     0 | D:1      | Reached XP level 1. HP: 19/19 MP: 0/0
    85 | D:1      | Reached XP level 2. HP: 24/26 MP: 1/1
   564 | D:1      | Reached skill level 4 in Unarmed Combat
   564 | D:1      | Reached XP level 3. HP: 25/31 MP: 2/2
  1030 | D:2      | Reached XP level 4. HP: 37/40 MP: 3/3
  1322 | D:3      | Noticed Grinder
  1368 | D:3      | Paralysed by Grinder for 7 turns
  1384 | D:3      | Paralysed by Grinder for 5 turns
  1414 | D:3      | Paralysed by Grinder for 6 turns
  1429 | D:3      | Paralysed by Grinder for 2 turns
  1435 | D:3      | Paralysed by Grinder for 4 turns
  1442 | D:3      | Paralysed by Grinder for 2 turns
  1447 | D:3      | Killed Grinder
  1447 | D:3      | Reached skill level 5 in Unarmed Combat
  1447 | D:3      | Reached XP level 5. HP: 31/47 MP: 4/4
  1447 | D:3      | Reached XP level 6. HP: 36/53 MP: 5/5
  1511 | D:3      | Reached skill level 6 in Unarmed Combat
  1838 | D:3      | Noticed Ijyb
  1856 | D:3      | Killed Ijyb
  2195 | D:3      | Reached skill level 5 in Fighting
  2302 | D:3      | Found a burning altar of Makhleb.
  2316 | D:3      | Reached XP level 7. HP: 57/61 MP: 6/6
  2321 | D:3      | Became a worshipper of Makhleb the Destroyer
  2321 | D:3      | Reached * piety under Makhleb
  2321 | D:3      | Reached ** piety under Makhleb
  2453 | D:4      | Found a white marble altar of Elyvilon.
  2454 | D:4      | Found a sacrificial altar of Ru.
  2454 | D:4      | Found a glowing silver altar of Zin.
  2454 | D:4      | Noticed Dowan
  2455 | D:4      | Found a sparkling altar of Nemelex Xobeh.
  2459 | D:4      | Noticed Duvessa
  2466 | D:4      | Reached skill level 5 in Stealth
  2483 | D:4      | Killed Duvessa
  2483 | D:4      | Reached skill level 7 in Unarmed Combat
  2497 | D:4      | Noticed Eustachio
  2502 | D:4      | Killed Dowan
  2558 | D:4      | Found a hide-covered altar of Uskayaw.
  2671 | D:4      | Killed Eustachio
  2671 | D:4      | Reached XP level 8. HP: 54/70 MP: 7/7
  2672 | D:4      | Reached skill level 8 in Unarmed Combat
  3034 | D:4      | Reached skill level 1 in Invocations
  3165 | D:4      | Found a runed translucent door.
  3166 | D:4      | Noticed Crazy Yiuf
  3174 | D:4      | Killed Crazy Yiuf
  3174 | D:4      | Reached skill level 1 in Armour
  3214 | D:5      | Entered Level 5 of the Dungeon
  3221 | D:5      | Found a glowing golden altar of the Shining One.
  3496 | D:5      | Reached *** piety under Makhleb
  4027 | D:5      | Found a staircase to the Ecumenical Temple.
  4037 | Temple   | Entered the Ecumenical Temple
  4711 | D:6      | Reached skill level 9 in Unarmed Combat
  4801 | D:6      | Found a sand-covered staircase.
  4808 | D:6      | Reached XP level 9. HP: 67/78 MP: 10/10
  4812 | Ossuary  | Entered an ossuary
  5146 | D:6      | Found a blossoming altar of Fedhas.
  5146 | D:6      | Found a shadowy altar of Dithmenos.
  5146 | D:6      | Found a bloodstained altar of Trog.
  5229 | D:6      | Slain by an orc wizard

Levels and vault maps discovered:
D:1:      mrwooster_arrival_statue_2, layout_basic, minmay_tetromino_t4
D:2:      cheibrodos_old_hovel, layout_rooms, first_ration
D:3:      layout_loops_corners, makhleb_grotto_becter, uniq_grinder, uniq_ijyb
D:4:      layout_basic, chequers_temple_overflow_statue_of_worship,
          nicolae_overflow_hidden_temple, uniq_eustachio, uniq_duvessa,
          uniq_crazy_yiuf_cottage
D:5:      layout_layer_cave, minmay_temple_entry_overgrown, basic_altar
D:6:      minmay_goblin_kobold_castle, layout_basic, okawaru_metal_pillars_3,
          lemuel_round_altar, gammafunk_temple_overflow_forgotten,
          nicolae_ossuary_entry_catacombs
Temple:   jpeg_temple_island

Skill      XL: |  1  2  3  4  5  6  7  8  9 |
---------------+----------------------------+-----
Unarmed Combat | 4 5 6 7 9 |  9.5
Stealth        | 3 4 5 |  5.0
Fighting       | 4 5 6 7 |  7.1
Invocations    | 2 3 |  3.3
Armour         | 2 |  2.8
Dodging        | |  2.6

Action                   |  1- 3 |  4- 6 |  7- 9 || total
-------------------------+-------+-------+-------++-------
Melee: Unarmed           |    93 |   194 |   440 ||   727
       Punch             |     1 |     3 |    11 ||    15
Throw: Dart              |       |    19 |    10 ||    29
Invok: Minor Destruction |       |       |     1 ||     1
       Lesser Servant of |       |       |     2 ||     2
  Use: Scroll            |       |       |    12 ||    12
 Stab: Sleeping          |     2 |     4 |       ||     6
       Invisible         |       |       |     1 ||     1
       Distracted        |       |       |     1 ||     1
  Eat: Chunk             |     3 |    25 |    29 ||    57
Armor: Ring mail         |    13 |       |       ||    13
       Acid dragon scale |    20 |    75 |    25 ||   120
       Chain mail        |       |       |   168 ||   168
Dodge: Dodged            |    45 |   118 |   177 ||   340

Table legend:
 A = Non-vault XP
 B = Vault XP
 C = Vault XP percentage of total XP
 D = Non-vault monster count
 E = Vault monster count
 F = Vault count percentage of total count
                 A         B        C        D         E       F
            +---------+---------+-------+---------+---------+-------
      Total |    1293 |    1509 |  53.9 |     126 |      32 |  20.3
            +---------+---------+-------+---------+---------+-------
        D:1 |      29 |       6 |  17.1 |      17 |       3 |  15.0
        D:2 |      50 |       2 |   3.8 |      17 |       1 |   5.6
        D:3 |     202 |     370 |  64.7 |      37 |       3 |   7.5
        D:4 |     455 |     460 |  50.3 |      22 |       4 |  15.4
        D:5 |     444 |       0 |   0.0 |      26 |       0 |   0.0
        D:6 |     113 |     295 |  72.3 |       7 |       6 |  46.2
    Ossuary |       0 |     376 | 100.0 |       0 |      15 | 100.0
            +---------+---------+-------+---------+---------+-------
